 Dungeon Crawl Stone Soup version 0.30-a0-802-gb92711bcdf (webtiles) character file.

Game seed: 7398750514760882178

210 cheesebisquit the Shooter (level 5, 0/45 HPs)
             Began as a Minotaur Hunter on Feb 23, 2023.
             Was an Initiate of Yredelemnul.
             Slain by a mummy (9 damage)
             ... in an ossuary.
             The game lasted 00:16:21 (2751 turns).

cheesebisquit the Shooter (Minotaur Hunter)         Turns: 2751, Time: 00:16:21

Health: 0/45       AC: 12    Str: 17    XL:     5   Next: 56%
Magic:  4/4        EV:  7    Int: 11    God:    Yredelemnul [......]
Gold:   131        SH:  0    Dex: 14    Spells: 4/4 levels left

rFire   . . .      SeeInvis .    v - +0 halberd
rCold   . . .      Faith    .    (shield currently unavailable)
rNeg    . . .      Spirit   .    x - +0 chain mail
rPois   +          Reflect  .    (helmet restricted)
rElec   .          Harm     .    e - +0 cloak
rCorr   .          Rampage  .    k - +1 pair of gloves
Will    .....                    n - +0 pair of boots "Ruha" {+Inv rPois Int+5 Stlth-} Stlth
                                 (no amulet)
HPRegen 0.27/turn                (no ring)
MPRegen 0.09/turn                (no ring)

@: no status effects
A: horns 2, retaliatory headbutt
a: Renounce Religion, Evoke Invisibility, Recall Undead Harvest


You were in an ossuary.
You worshipped Yredelemnul.
Yredelemnul was noncommittal.
You visited 1 branch of the dungeon, and saw 4 of its levels.
You also visited: Ossuary.

You collected 231 gold pieces.
You spent 100 gold pieces at shops.

Inventory:

Hand Weapons
 a - a +0 shortbow {hi!}
 o - a +1 whip of flaming
 p - a +0 hand axe
 r - a +0 trident
 v - a +0 halberd (weapon)
Missiles
 i - 6 poisoned darts
Armour
 e - a +0 cloak (worn)
 k - a +1 pair of gloves (worn)
 n - the +0 pair of boots "Ruha" (worn) {+Inv rPois Int+5 Stlth-}
   (You found it on level 2 of the Dungeon)

   Int:       It affects your intelligence (+5).
   rPois:     It protects you from poison.
   +Inv:      It lets you turn invisible.
   Stlth:     It makes you less stealthy.
 x - a +0 chain mail (worn)
Jewellery
 h - an amulet of magic regeneration
Scrolls
 b - 2 scrolls of immolation
 c - a scroll of identify {unknown}
 f - a scroll of teleportation
 j - a scroll of enchant armour
 m - 2 scrolls of amnesia
 q - a scroll of magic mapping {unknown}
 t - 2 scrolls of noise
 u - 2 scrolls of poison
 w - a scroll of fear {unknown}
Potions
 d - 2 potions of curing {unknown}
 g - a potion of invisibility {unknown}
 l - 2 potions of haste {unknown}
 s - a potion of heal wounds {unknown}


   Skills:
 - Level 3.1 Fighting
 + Level 5.0 Polearms
 - Level 5.4 Ranged Weapons
 - Level 2.1 Dodging
 - Level 0.7 Stealth
 - Level 0.5 Invocations


You had 4 spell levels left.
You didn't know any spells.
Your spell library was empty.

Dungeon Overview and Level Annotations

Branches:
Dungeon (4/15)            Ossuary (1/1)
 Temple: D:4-7

Altars:
Ru
Yredelemnul

Shops:
D:2 *   D:3 ?


Innate Abilities, Weirdness & Mutations

You have a pair of horns on your head.
You reflexively headbutt those who attack you in melee.


Message History

The mummy hits you but does no damage.
The kobold zombie hits you but does no damage.
You barely miss the mummy.
The mummy is heavily damaged.
You hit the kobold zombie. You headbutt the kobold zombie.
You destroy the kobold zombie!
The mummy hits you but does no damage. x2
You puncture the mummy!
The mummy is severely damaged.
The mummy hits you but does no damage. The mummy hits you!
You barely miss the mummy.
You headbutt the mummy, but do no damage.
The mummy is severely damaged.
The mummy barely misses you. The mummy closely misses you.
The mummy completely misses you.
You slash the mummy!
You destroy the mummy!
The mummy hits you.
Your Polearms skill increases to level 5!
You barely miss the mummy. Your headbutt misses the mummy.
The mummy is heavily damaged.
The mummy hits you but does no damage. The mummy barely misses you.
You hit the mummy but do no damage.
The mummy is heavily damaged.
The mummy hits you but does no damage.
You hit the mummy but do no damage.
The mummy is heavily damaged.
The mummy hits you but does no damage. x2
You hit the mummy. You headbutt the mummy.
The mummy is almost destroyed.
The mummy completely misses you.
You barely miss the mummy.
The mummy is almost destroyed.
The mummy hits you. The mummy hits you!
* * * LOW HITPOINT WARNING * * *
You closely miss the mummy.
The mummy is almost destroyed.
The mummy hits you!
You die...
Your body rises from the dead as a mindless zombie.

..............
.............
...........
........#
......# #....#
#M.M.# #.@..#
#....# #....#
#....# #....#
#....# #.∩∩.#
######


You could see 2 mummies.

Vanquished Creatures
  An iguana (D:4)
  An orc wizard (D:4)
  2 mummies (Ossuary)
  An adder (D:3)
  2 worms
  5 dart slugs
  11 orcs
  7 endoplasms
  3 giant cockroaches
  7 goblins
  4 hobgoblins
  5 jackals
  6 kobolds
  6 quokkas
  5 ball pythons
  6 bats
  2 frilled lizards
  4 hobgoblin zombies (Ossuary)
  3 kobold zombies (Ossuary)
  An orc zombie (Ossuary)
  5 rats
87 creatures vanquished.

Vanquished Creatures (collateral kills)
  2 orcs (D:4)
  A ball python (D:4)
  An endoplasm (D:4)
  A goblin (D:3)
  A hobgoblin (D:4)
  A quokka (D:4)
7 creatures vanquished.

Vanquished Creatures (others)
  A worm zombie (D:3)
  A ball python zombie (D:3)
  A hobgoblin zombie (D:2)
  A kobold zombie (D:3)
  An orc zombie (D:3)
5 creatures vanquished.

Grand Total: 99 creatures vanquished

Notes
Turn   | Place    | Note
-------+----------+-------------------------------------------
     0 | D:1      | cheesebisquit the Minotaur Hunter began the quest for the
                  | Orb.
     0 | D:1      | Reached XP level 1. HP: 18/18 MP: 0/0
   127 | D:1      | Reached XP level 2. HP: 25/25 MP: 1/1
   134 | D:1      | Reached skill level 5 in Ranged Weapons
   381 | D:1      | Found a faded altar of an unknown god.
   397 | D:1      | Prayed at the altar of an unknown god.
   397 | D:1      | Became a worshipper of Yredelemnul the Dark
   397 | D:1      | Reached * piety under Yredelemnul
   520 | D:2      | Reached XP level 3. HP: 30/30 MP: 2/2
   533 | D:2      | Identified the +0 pair of boots "Ruha" {+Inv rPois Int+5
                  | Stlth-}
   689 | D:2      | Found a sacrificial altar of Ru.
   723 | D:2      | Found Ateque Boev's General Store.
   743 | D:2      | Bought a +0 pair of gloves for 45 gold pieces
  1415 | D:3      | Found Mabig's Magic Scroll Emporium.
  1424 | D:3      | Bought a scroll of noise for 11 gold pieces
  1424 | D:3      | Bought a scroll of poison for 44 gold pieces
  1512 | D:3      | Reached skill level 1 in Polearms
  1573 | D:3      | Reached XP level 4. HP: 35/38 MP: 3/3
  1582 | D:3      | Reached ** piety under Yredelemnul
  2450 | D:4      | Reached XP level 5. HP: 30/45 MP: 4/4
  2687 | D:4      | Found a sand-covered staircase.
  2697 | Ossuary  | Entered an ossuary
  2746 | Ossuary  | Reached skill level 5 in Polearms
  2751 | Ossuary  | Slain by a mummy

Illustrated notes

Levels and vault maps discovered:
D:1:      psy_arrival_statuary, layout_rooms, ebering_ecumenical_altar_rust
D:2:      layout_loops_ring, serial_shops, shop, basic_altar,
          minmay_misc_feat_more_columns
D:3:      minmay_skewed_foursquare, layout_rooms, serial_shops,
          nicolae_shop_stone, hex_medium, kennysheep_path_1
D:4:      layout_basic, nicolae_ossuary_entry_ruins, supply_closet_lemuel
Ossuary:  ossuary_tomb_3

Skill      XL: |  1  2  3  4  5 |
---------------+----------------+-----
Ranged Weapons | 5 |  5.4
Fighting       | 3 |  3.1
Polearms       | 1 4 5 |  5.0
Dodging        | |  2.1
Stealth        | |  0.7
Invocations    | |  0.5

Action                     |  1- 3 |  4- 6 || total
---------------------------+-------+-------++-------
  Melee: Trident           |    23 |    18 ||    41
         Headbutt          |     1 |    16 ||    17
         Halberd           |       |    86 ||    86
   Fire: Shortbow          |   115 |       ||   115
 Invoke: Recall Undead Har |     2 |       ||     2
    Use: Scroll            |       |     3 ||     3
   Stab: Distracted        |       |     1 ||     1
 Armour: Leather armour    |    17 |       ||    17
         Ring mail         |     9 |     8 ||    17
         Chain mail        |       |    65 ||    65
  Dodge: Dodged            |    59 |    50 ||   109

Table legend: (Time is in decaauts)
 A = Elapsed time spent in this place.
 B = Non-inter-level travel time spent in this place.
 C = Inter-level travel time spent in this place.
 D = Time resting spent in this place.
 E = Time spent auto-exploring this place.
 F = Levels seen in this place.
 G = Mean time per level.
                   A        B        C        D        E       F      G
               +--------+--------+--------+--------+--------+-----+--------+
         Total |   2826 |   2577 |    249 |      0 |   1922 |   5 |  565.2 |
       Dungeon |   2763 |   2514 |    249 |      0 |   1918 |   4 |  690.8 |
       Ossuary |     62 |     62 |      0 |      0 |      4 |   1 |   62.0 |
               +--------+--------+--------+--------+--------+-----+--------+

Top non-repeatable levels by time:
     D:3: 1008 daAuts
     D:2: 817 daAuts
     D:1: 519 daAuts
     D:4: 417 daAuts
 Ossuary: 62 daAuts
